 Dungeon Crawl Stone Soup version 0.15.2 (webtiles) character file.

457 GhostOklob the Cudgeler (level 6, -1/55 HPs)
             Began as a Deep Dwarf Berserker on Nov 7, 2015.
             Was an Elder of Trog.
             Slain by a hobgoblin (2 damage)
             ... on Level 4 of the Dungeon.
             The game lasted 00:04:41 (4113 turns).

GhostOklob the Cudgeler (Deep Dwarf Berserker)      Turns: 4113, Time: 00:04:41

HP  -1/55        AC  0     Str 20      XL: 6   Next: 77%
MP   6/6         EV 12     Int  8      God: Trog [****..]
Gold 180         SH  0     Dex 14      Spells:  0 memorised,  5 levels left

rFire  . . .     SeeInvis .     K - +0 blowgun
rCold  . . .     Clarity  .     (no armour)
rNeg   . . .     rCorr    .     (no shield)
rPois  .         rRot     .     (no helmet)
rElec  .         Spirit   .     (no cloak)
SustAb .         Warding  .     (no gloves)
rMut   .         Stasis   .     (no boots)
Gourm  .                        (no amulet)
MR     .....                    (no ring)
                                (no ring)

@: starving, non-regenerating, not resistant to hostile enchantments, very
unstealthy
A: damage resistance, recharge devices, sense surroundings 1, slow healing 3
a: Device Recharging, Burn Spellbooks, Berserk, Trog's Hand, Brothers in Arms,
Renounce Religion


You were on level 4 of the Dungeon.
You worshipped Trog.
Trog was greatly pleased with you.
You were starving.

You visited 1 branch of the dungeon, and saw 4 of its levels.
You also visited: Sewer.

You collected 180 gold pieces.


Innate Abilities, Weirdness & Mutations

You are resistant to damage.
You can recharge devices by infusing magical energy.
You passively map a small area around you.
You do not heal naturally.


   Skills:
 - Level 2.6 Fighting
 + Level 7.8 Maces & Flails
 - Level 2.1 Armour
 - Level 2.1 Dodging


You had 5 spell levels left.
You didn't know any spells.

Inventory:

Hand weapons
 a - a +0 mace
 K - a +0 blowgun (weapon)
Missiles
 x - 24 poisoned needles (quivered)
 H - 6 poisoned javelins
Armour
 b - a +0 animal skin
 j - a +0 scale mail
Magical devices
 c - a wand of heal wounds (3) {!d@v2}
Comestibles
 d - 3 bread rations
 o - a meat ration
Scrolls
 f - 2 scrolls of remove curse {unknown}
 l - 3 scrolls of immolation {unknown}
 m - a scroll of enchant weapon {unknown}
 n - a scroll of random uselessness {unknown}
 q - 2 scrolls of teleportation {unknown}
 r - 2 scrolls of enchant armour {unknown}
 y - 3 scrolls of identify {unknown}
 A - 2 scrolls of blinking {unknown}
 J - a scroll of fog {unknown}
Jewellery
 k - an uncursed ring of sustain abilities {unknown}
 v - a +4 ring of intelligence {unknown}
 B - an uncursed ring of stealth {unknown}
Potions
 e - a potion of cancellation {unknown}
 g - 2 potions of curing {unknown}
 p - a potion of brilliance {unknown}
 u - a potion of lignification {unknown}
 w - 3 potions of poison {unknown}
 z - a potion of confusion {unknown}
 C - a potion of haste {unknown}
 D - a potion of magic {unknown}
 E - a potion of agility {unknown}
 F - 2 potions of might {unknown}

Dungeon Overview and Level Annotations

Branches:
Dungeon (4/15)
 Temple: D:4-7

Altars:
Trog

,,,,**############......# ***,#.#
,,,,**........####.#.#..#**,*,#.#
,,,,**........##...#.#...#*,*,#.#
,,,,*#...........###.###.#*,*,#.#
,,,,*#........#..#.....#,**,≈≈≈≈≈
,,,,*##.#.....##.#######.#*,≈*##≈
,,,,* *,#.....##.≈≈≈≈≈≈≈.#*,≈* ≈
,,,,* *,#.....##.#######..*,≈*+*≈
***** *,#.....##g#.....#,,,,≈≈,≈≈
*>#.....##g###.###,**,*,,,*
*,#.....##..,*.#,,,**,*,*,* ****
*,*.....####.*,#),***,*,*,*
,,,****,*,,,..# *..,,,,* *,*,* *
,,,,,,,,,,,,,,* *,..,,,* *,*,
**,,,,,,**+*******,...,** *,*
**********,* *,,,,,.,,* *,* *
,,,,,,,***,* *,*,,,,,,* *,* *


You could see a hobgoblin.


Message History

You swing at nothing.
The hobgoblin barely misses you.
You swing at nothing.
The hobgoblin hits you. The hobgoblin misses you.
You swing at nothing.
The hobgoblin misses you.
You swing at nothing.
The hobgoblin closely misses you. The hobgoblin closely misses you.
You swing at nothing.
The hobgoblin hits you.
* * * LOW HITPOINT WARNING * * *
You swing at nothing.
The hobgoblin completely misses you. The hobgoblin closely misses you.
You swing at nothing.
The hobgoblin hits you.
* * * LOW HITPOINT WARNING * * *
You swing at nothing.
The hobgoblin barely misses you. The hobgoblin completely misses you.
You swing at nothing.
The hobgoblin misses you.
You swing at nothing.
The hobgoblin hits you. The hobgoblin hits you.
* * * LOW HITPOINT WARNING * * *
You swing at nothing.
The hobgoblin closely misses you.
You swing at nothing.
The hobgoblin hits you. The hobgoblin barely misses you.
You swing at nothing.
The hobgoblin hits you.
* * * LOW HITPOINT WARNING * * *
You swing at nothing.
The hobgoblin hits you.
* * * LOW HITPOINT WARNING * * *
The hobgoblin hits you.
* * * LOW HITPOINT WARNING * * *
You swing at nothing.
The hobgoblin barely misses you.
You swing at nothing.
The hobgoblin barely misses you. The hobgoblin hits you.
* * * LOW HITPOINT WARNING * * *
You swing at nothing.
The hobgoblin closely misses you.
You swing at nothing.
The hobgoblin hits you.
You die...

Action                   |  1- 3 |  4- 6 || total
-------------------------+-------+-------++-------
Melee: Mace              |   151 |   183 ||   334
       Flail             |       |    52 ||    52
 Fire: Blowgun           |       |     3 ||     3
Invok: Berserk           |       |     2 ||     2
       Trog's Hand       |       |     2 ||     2
Evoke: Wand              |       |     2 ||     2
  Eat: Chunk             |     2 |     3 ||     5
       Beef jerky        |       |     1 ||     1
       Bread ration      |       |     1 ||     1

Vault maps used:
D:1:      onia_arrival_mini_maze_b
D:2:      serial_aquarium, aquarium_bridge_square, aquarium_window_fake,
          aquarium_window_1, aquarium_view_2c, aquarium_balcony_3b,
          min_item_tele_traps, trog_three_pillars_becter
D:3:      lightli_temple_of_fire, gup_sewer_entry_bubbles, st_stairs_7
D:4:      kennysheep_mini_moat, grunt_decor_cap,
          hangedman_abyss_or_decor_passed, uniq_sigmund
Sewer:    sewer_ratzerg_badplayer

Notes
Turn   | Place    | Note
--------------------------------------------------------------
     0 | D:1      | GhostOklob, the Deep Dwarf Berserker, began the quest for the Orb.
     0 | D:1      | Reached XP level 1. HP: 20/20 MP: 1/1
   259 | D:1      | Reached XP level 2. HP: 25/27 MP: 2/2
   319 | D:1      | Acquired Trog's second power
   944 | D:2      | Reached skill level 4 in Maces & Flails
  1179 | D:2      | Found a bloodstained altar of Trog.
  1188 | D:2      | Reached XP level 3. HP: 22/33 MP: 3/3
  1721 | D:3      | Reached XP level 4. HP: 23/40 MP: 4/4
  1740 | D:3      | Reached skill level 5 in Maces & Flails
  1778 | D:3      | Found a glowing drain.
  1807 | Sewer    | Entered a sewer
  1896 | Sewer    | Acquired Trog's third power
  2153 | D:3      | Found a bloodstained altar of Trog.
  2231 | D:3      | Reached XP level 5. HP: 37/46 MP: 5/5
  2431 | D:4      | Noticed an ogre
  2438 | D:4      | Killed an ogre
  2438 | D:4      | Reached skill level 6 in Maces & Flails
  2569 | D:4      | Noticed Sigmund
  2624 | D:4      | Killed Sigmund
  2624 | D:4      | Reached skill level 7 in Maces & Flails
  2624 | D:4      | Reached XP level 6. HP: 39/55 MP: 6/6
  3287 | D:4      | Received a gift from Trog
  3342 | D:4      | Noticed an ogre
  3349 | D:4      | Killed an ogre
  4109 | D:4      | HP: 3/55 [hobgoblin (3)]
  4111 | D:4      | HP: 1/55 [hobgoblin (2)]
  4113 | D:4      | Slain by a hobgoblin

Vanquished Creatures
  Sigmund (D:4)
  2 ogres (D:4)
  2 worker ants (D:4)
  An orc wizard (D:3)
  2 green rats (D:3)
  3 adders
  3 worms
  6 giant geckos
  10 orcs
  9 bats
  3 giant cockroaches
  3 goblins
  4 hobgoblins
  2 jackals (D:2)
  7 kobolds
  A ball python (D:3)
  4 giant newts
  42 rats
105 creatures vanquished.
